 Dungeon Crawl Stone Soup version 0.27-a0-652-g2d5cf1dcd3 (webtiles) character file.

Game seed: 2044719342747907588

1152738 TRUEvector the Conqueror (level 27, -2/249 HPs)
             Began as a Human Fighter on Mar 13, 2021.
             Was the Champion of the Shining One.
             Killed by divine providence
             ... invoked by a royal mummy
              (10 damage)
             ... on level 2 of the Tomb of the Ancients on Mar 16, 2021.
             The game lasted 10:46:22 (107219 turns).

TRUEvector the Conqueror (Human Fighter)          Turns: 107219, Time: 10:46:22

Health: -2/249     AC: 36    Str: 33      XL:     27
Magic:  2/40       EV: 19    Int: 16 (17) God:    the Shining One [******]
Gold:   9411       SH: 55    Dex: 15      Spells: 26/26 levels left

rFire    + + .     SeeInvis .   B - +9 eudemon blade (holy)
rCold    + + +     Faith    .   Z - +18 shield of the Gong {rElec rN+ Will+ EV-5}
rNeg     + + +     Spirit   .   N - +6 chain mail "Sattawu" {rF+ rC+++ rN+ Stlth-}
rPois    +         Reflect  .   c - +0 helmet of Shielding {Rampage Will+}
rElec    +         Harm     .   o - +0 cloak "Bobrew" {rF+ rC+ Str+3 Dex-2}
rCorr    .         Rampage  +   E - +2 pair of gloves
Will     +++++     Clarity  +   L - +2 pair of boots {Stlth+}
Stlth    ..........             e - amulet of the Four Winds {rN+ Will+++ Clar}
HPRegen  0.51/turn              a - ring "Vaxae" {rC+ Dex+2 Slay+4}
MPRegen  0.27/turn              S - ring of Tuunk {rPois Str+6 Int+3 Slay+6}

@: divinely shielded, marked, slowed, glowing, studying 2 skills, very slow
A: claws 1, berserk 1, clever 1, mutation resistance 1, sense surroundings 1,
poison resistance, wild magic 1, sturdy frame 1
}: 9/15 runes: decaying, serpentine, slimy, silver, iron, obsidian, icy, bone,
abyssal
a: Renounce Religion, Divine Shield, Cleansing Flame, Summon Divine Warrior


You were on level 2 of the Tomb of the Ancients.
You worshipped the Shining One.
The Shining One was exalted by your worship.
You visited 17 branches of the dungeon, and saw 83 of its levels.
You visited the Abyss 1 time.
You also visited: Ossuary, Gauntlet and Ice Cave.

You collected 15009 gold pieces.
You spent 5598 gold pieces at shops.

Inventory:

Hand Weapons
 B - a +9 eudemon blade of holy wrath (weapon)
 Q - a +9 antimagic double sword
 X - the +3 falchion "TRUEvector's Curse" {antimagic, +Blink}
   (You found it on level 3 of the Crypt)

   It reduces the magical energy of the wielder, and disrupts the spells and
   magical abilities of those hit.
   Natural abilities and divine invocations are not affected.
   It lets you blink.
Armour
 c - the +0 helmet of Shielding (worn) {Rampage Will+}
   (You bought it in a shop on level 2 of the Orcish Mines)

   It affects your willpower, your defense against some magical effects.
   It bestows one free step when moving towards enemies.
 l - a +2 plate armour of willpower
 o - the +0 cloak "Bobrew" (worn) {rF+ rC+ Str+3 Dex-2}
   (You found it on level 3 of the Elven Halls)

   It affects your strength (+3).
   It affects your dexterity (-2).
   It protects you from fire.
   It protects you from cold.
 E - a +2 pair of gloves (worn)
 L - a +2 pair of boots of stealth (worn)
 N - the +6 chain mail "Sattawu" (worn) {rF+ rC+++ rN+ Stlth-}
   (You found it on level 7 of Gehenna)

   It protects you from fire.
   It renders you almost immune to cold.
   It protects you from negative energy.
   It makes you less stealthy.
 R - the +4 chain mail "Webisora" {rF- Str+6 Dex+4}
   (You found it on level 1 of the Crypt)

   It affects your strength (+6).
   It affects your dexterity (+4).
   It makes you vulnerable to fire.
 W - a +5 kite shield of reflection
 Z - the +18 shield of the Gong (worn) {rElec rN+ Will+ EV-5}
   (You found it on level 4 of the Snake Pit)

   It affects your evasion (-5).
   It insulates you from electricity.
   It protects you from negative energy.
   It affects your willpower, your defense against some magical effects.
Jewellery
 a - the ring "Vaxae" (right hand) {rC+ Dex+2 Slay+4}
   (You acquired it on level 15 of the Dungeon)

   [ring of slaying]

   It affects your dexterity (+2).
   It affects your accuracy and damage with ranged weapons and melee attacks
   (+4).
   It protects you from cold.
 d - the ring "Nifiaxiu" {rElec rC- Int+5 Dex+6 SInv}
   (You found it on level 3 of the Elven Halls)

   [ring of dexterity]

   It affects your intelligence (+5).
   It affects your dexterity (+6).
   It makes you vulnerable to cold.
   It insulates you from electricity.
   It lets you see invisible.
 e - the amulet of the Four Winds (around neck) {rN+ Will+++ Clar}
   (You found it on level 7 of Cocytus)

   [amulet of nothing]

   It protects you from negative energy.
   It affects your willpower, your defense against some magical effects.
   It protects you against confusion.
 w - the amulet "Welan" {Acrobat *Slow Int+2 Dex+3}
   (You took it off a vault sentinel on level 5 of the Vaults)

   [amulet of the acrobat]

   It helps you evade while moving and waiting.
   It affects your intelligence (+2).
   It affects your dexterity (+3).
   It may slow you when you take damage.
 y - the ring "Vadoun" {rF+ rC++ rN+ Str+4}
   (You took it off a vault guard on level 4 of the Vaults)

   [ring of protection from fire]

   It affects your strength (+4).
   It protects you from fire.
   It greatly protects you from cold.
   It protects you from negative energy.
 z - the ring "Ilagg" {+Inv rPois rC+ rN+++}
   (You took it off a yaktaur on level 5 of the Vaults)

   [ring of protection from cold]

   It protects you from cold.
   It protects you from poison.
   It renders you almost immune to negative energy.
   It lets you turn invisible.
 I - the ring of Stoicism {rPois rF+ rC- Will+ Int+6}
   (You bought it in a shop on level 2 of the Orcish Mines)

   [ring of intelligence]

   It affects your intelligence (+6).
   It protects you from fire.
   It makes you vulnerable to cold.
   It protects you from poison.
   It affects your willpower, your defense against some magical effects.
 M - a ring of resist corrosion
 S - the ring of Tuunk (left hand) {rPois Str+6 Int+3 Slay+6}
   (You took it off an iron imp on level 7 of the Iron City of Dis)

   [ring of strength]

   It affects your strength (+6).
   It affects your intelligence (+3).
   It affects your accuracy and damage with ranged weapons and melee attacks
   (+6).
   It protects you from poison.
 U - the ring "Ygiqu" {rElec rPois rF+ rC+ Will- Str+4}
   (You bought it in a shop on level 14 of the Dungeon)

   [ring of protection from cold]

   It affects your strength (+4).
   It protects you from fire.
   It protects you from cold.
   It insulates you from electricity.
   It protects you from poison.
   It affects your willpower, your defense against some magical effects.
 V - the ring "Keranuapn" {rElec rC+ Str+6 Dex+2}
   (You found it on level 3 of the Crypt)

   [ring of strength]

   It affects your strength (+6).
   It affects your dexterity (+2).
   It protects you from cold.
   It insulates you from electricity.
 Y - the amulet "Umaelufy" {Will+ Regen+ Int+2}
   (You bought it in a shop on level 4 of the Snake Pit)

   [amulet of regeneration]

   It affects your intelligence (+2).
   It affects your willpower, your defense against some magical effects.
   It increases your rate of regeneration.
Wands
 b - a wand of digging (13)
 q - a wand of acid (14) (quivered)
 A - a wand of flame (195)
 G - a wand of paralysis (57)
 H - a wand of mindburst (19)
 O - a wand of iceblast (65)
Scrolls
 f - 3 scrolls of enchant weapon
 i - 6 scrolls of blinking
 k - 10 scrolls of identify
 n - a scroll of summoning
 p - 6 scrolls of fog
 r - 27 scrolls of teleportation
 s - 12 scrolls of fear
 t - 6 scrolls of magic mapping
 x - 2 scrolls of silence
 C - 2 scrolls of holy word
 J - 7 scrolls of enchant armour
Potions
 h - 16 potions of curing
 j - 3 potions of flight
 m - 3 potions of haste
 v - a potion of resistance
 D - 4 potions of cancellation
 F - 12 potions of ambrosia
 K - 9 potions of berserk rage
 T - 2 potions of mutation
Miscellaneous
 u - a box of beasts
 P - a phial of floods


   Skills:
 O Level 27 Fighting
 + Level 25.9 Long Blades
 + Level 26.1 Armour
 O Level 27 Dodging
 + Level 26.0 Shields
 O Level 27 Invocations
 + Level 17.4 Evocations


You had 26 spell levels left.
You didn't know any spells.
Your spell library contained the following spells:

 Spells                   Type           Power      Damage    Failure   Level
 Animate Skeleton         Necr           0%         N/A       47%         1
 Apportation              Tloc           0%         N/A       47%         1
 Beastly Appendage        Tmut           0%         N/A       47%         1
 Corona                   Hex            0%         N/A       47%         1
 Foxfire                  Conj/Fire      0%         2x1d4     47%         1
 Freeze                   Ice            0%         1d3       47%         1
 Magic Dart               Conj           0%         1d3       47%         1
 Pain                     Necr           0%         1d4       47%         1
 Sandblast                Erth           0%         2d4       47%         1
 Shock                    Conj/Air       0%         1d3       47%         1
 Sting                    Tmut/Pois      0%         1d3       47%         1
 Summon Small Mammal      Summ           0%         N/A       47%         1
 Blink                    Tloc           N/A        N/A       61%         2
 Call Imp                 Summ           0%         N/A       61%         2
 Corpse Rot               Necr/Air       N/A        N/A       61%         2
 Ensorcelled Hibernation  Hex/Ice        0%         N/A       61%         2
 Passwall                 Tmut/Erth      0%         N/A       61%         2
 Poisonous Vapours        Pois/Air       0%         N/A       61%         2
 Searing Ray              Conj           0%         3d3       61%         2
 Slow                     Hex            0%         N/A       61%         2
 Sublimation of Blood     Necr           0%         N/A       61%         2
 Swiftness                Air            0%         N/A       61%         2
 Wereblood                Tmut           0%         N/A       61%         2
 Call Canine Familiar     Summ           0%         N/A       83%         3
 Confusing Touch          Hex            0%         N/A       83%         3
 Conjure Flame            Conj/Fire      0%         6-21      83%         3
 Dazzling Flash           Conj/Hex       0%         N/A       83%         3
 Frozen Ramparts          Ice            0%         1d2       83%         3
 Gell's Gravitas          Tloc           0%         N/A       83%         3
 Ignite Poison            Fire/Tmut/Pois 0%         N/A       83%         3
 Inner Flame              Hex/Fire       0%         N/A       83%         3
 Lesser Beckoning         Tloc           0%         N/A       83%         3
 Mephitic Cloud           Conj/Pois/Air  0%         N/A       83%         3
 Ozocubu's Armour         Ice            0%         N/A       83%         3
 Portal Projectile        Hex/Tloc       0%         N/A       83%         3
 Spider Form              Tmut/Pois      0%         N/A       83%         3
 Static Discharge         Conj/Air       0%         N/A       83%         3
 Stone Arrow              Conj/Erth      0%         3d7       83%         3
 Summon Guardian Golem    Hex/Summ       0%         N/A       83%         3
 Teleport Other           Tloc           0%         N/A       83%         3
 Tukima's Dance           Hex            0%         N/A       83%         3
 Vampiric Draining        Necr           0%         2d6       83%         3
 Airstrike                Air            0%         N/A       99%         4
 Animate Armour           Summ/Erth      0%         N/A       99%         4
 Animate Dead             Necr           0%         N/A       99%         4
 Cause Fear               Hex            0%         N/A       99%         4
 Dispel Undead            Necr           0%         3d6       99%         4
 Fulminant Prism          Conj/Hex       0%         3d6       99%         4
 Hailstorm                Conj/Ice       0%         3d3       99%         4
 Ice Form                 Ice/Tmut       0%         N/A       99%         4
 Iskenderun's Mystic Bla  Conj/Tloc      0%         2d3       99%         4
 Leda's Liquefaction      Hex/Erth       0%         N/A       99%         4
 Manifold Assault         Tloc           0%         N/A       99%         4
 Olgreb's Toxic Radiance  Pois           0%         N/A       99%         4
 Passage of Golubria      Tloc           N/A        N/A       99%         4
 Petrify                  Tmut/Erth      0%         N/A       99%         4
 Sticky Flame             Conj/Fire      0%         2d3       99%         4
 Summon Ice Beast         Ice/Summ       0%         N/A       99%         4
 Summon Lightning Spire   Summ/Air       0%         N/A       99%         4
 Agony                    Necr           0%         N/A       100%        5
 Alistair's Intoxication  Tmut/Pois      0%         N/A       100%        5
 Blade Hands              Tmut           0%         N/A       100%        5
 Bolt of Magma            Conj/Fire/Erth 0%         4d4       100%        5
 Borgnjor's Vile Clutch   Necr/Erth      0%         N/A       100%        5
 Excruciating Wounds      Necr           0%         N/A       100%        5
 Fireball                 Conj/Fire      0%         3d3       100%        5
 Irradiate                Conj/Tmut      0%         3d13      100%        5
 Iskenderun's Battlesphe  Conj           0%         2d6       100%        5
 Lee's Rapid Deconstruct  Erth           0%         3d5*      100%        5
 Lightning Bolt           Conj/Air       0%         1d11      100%        5
 Silence                  Hex/Air        0%         N/A       100%        5
 Summon Forest            Summ/Tloc      0%         N/A       100%        5
 Summon Mana Viper        Hex/Summ       0%         N/A       100%        5
 Yara's Violent Unravell  Hex/Tmut       0%         3d3       100%        5
 Conjure Ball Lightning   Conj/Air       0%         3x3d6     100%        6
 Death Channel            Necr           0%         N/A       100%        6
 Dispersal                Tloc           0%         N/A       100%        6
 Eringya's Noxious Bog    Tmut/Pois      0%         N/A       100%        6
 Freezing Cloud           Conj/Ice/Air   0%         6-21      100%        6
 Hydra Form               Tmut           0%         N/A       100%        6
 Iron Shot                Conj/Erth      0%         9d1       100%        6
 Shadow Creatures         Summ           N/A        N/A       100%        6
 Starburst                Conj/Fire      0%         8x6d3     100%        6
 Statue Form              Tmut/Erth      0%         N/A       100%        6
 Dragon Form              Tmut           0%         N/A       100%        7
 Haunt                    Necr/Summ      0%         N/A       100%        7
 Malign Gateway           Summ/Tloc      0%         N/A       100%        7
 Monstrous Menagerie      Summ           0%         N/A       100%        7
 Orb of Destruction       Conj           0%         N/A       100%        7
 Spellforged Servitor     Conj/Summ      0%         N/A       100%        7
 Summon Hydra             Summ           0%         N/A       100%        7
 Borgnjor's Revivificati  Necr           0%         N/A       100%        8
 Chain Lightning          Conj/Air       0%         N/A       100%        8
 Disjunction              Tloc           0%         N/A       100%        8
 Ignition                 Fire           0%         3d3       100%        8
 Infestation              Necr           0%         N/A       100%        8
 Lehudib's Crystal Spear  Conj/Erth      0%         10d2      100%        8
 Necromutation            Tmut/Necr      0%         N/A       100%        8
 Summon Horrible Things   Summ           0%         N/A       100%        8
 Absolute Zero            Ice            0%         ∞         100%        9
 Death's Door             Necr           0%         N/A       100%        9
 Dragon's Call            Summ           0%         N/A       100%        9
 Fire Storm               Conj/Fire      0%         5d1       100%        9
 Shatter                  Erth           0%         3d5*      100%        9
 Tornado                  Air            0%         N/A       100%        9


Dungeon Overview and Level Annotations

Branches:
Dungeon (15/15)            Temple (1/1) D:4            Lair (6/6) D:9
  Swamp (4/4) Lair:2        Snake (4/4) Lair:3        Slime (5/5) Lair:5
    Orc (2/2) D:9             Elf (3/3) Orc:2        Vaults (5/5) D:14
  Crypt (3/3) Vaults:2       Tomb (2/3) Crypt:3      Depths (4/5) D:15
   Hell (visited)             Dis (7/7) Hell            Geh (7/7) Hell
    Coc (7/7) Hell            Tar (7/7) Hell        Ossuary (visited)
  IceCv (visited)         Gauntlet (visited)

Altars:
Kikubaaqudgha
Makhleb
Qazlal
Sif Muna
Trog
Vehumet
Wu Jian
Xom
The Shining One
Beogh
Jiyva

Shops:
D:4 *   D:6 *   D:9 ([   D:13 ?   D:14 =   Orc:2 *[*[   Elf:1 (   Elf:3 [
Snake:1 (   Snake:4 :=::   Vaults:2 (   Vaults:5 [

Portals:
Hell: Depths:1 Depths:2 Depths:3 Depths:4
Abyss: Depths:1 Depths:4
Pandemonium: Depths:1 Depths:2 Depths:3
Ziggurat: Depths:4


Innate Abilities, Weirdness & Mutations

You have sharp fingernails.
You tend to lose your temper in combat.
Your mind is acute. (Int +2)
You are somewhat resistant to further mutation.
You passively map a small area around you.
Your system is resistant to poisons. (rPois)
Your spells are a little harder to cast, but a little more powerful.
Your movements are slightly less encumbered by armour. (ER -2)


Message History

The golden flame engulfs the royal mummy!!!
The royal mummy writhes in agony!
You destroy the royal mummy!
The Shining One accepts your kill.
The emperor scorpion disappears in a puff of smoke! x4
The golden flame engulfs the death scarab!!!!
The death scarab writhes in agony!
You destroy the death scarab!
The death scarab's corpse disappears in a puff of smoke!
The golden flame engulfs the royal mummy!
The royal mummy writhes in agony!
The royal mummy is heavily damaged.
You feel extremely nervous for a moment...
You feel horribly lethargic.
You feel yourself slow down. The death scarab closely misses you. x2
You feel your intelligence returning.
The golden flame engulfs you but does no damage.
You resist.
The golden flame engulfs the death scarab!!
The death scarab writhes in agony!
You destroy the death scarab!
The death scarab's corpse disappears in a puff of smoke!
The golden flame engulfs the death scarab!!!
The death scarab writhes in agony!
You destroy the death scarab!
The death scarab's corpse disappears in a puff of smoke!
The golden flame engulfs the death scarab!!
The death scarab writhes in agony!
You destroy the death scarab!
The death scarab's corpse disappears in a puff of smoke!
The golden flame engulfs the royal mummy!!!!
The royal mummy writhes in agony!
The royal mummy is almost destroyed.
The royal mummy gestures wildly while chanting.
The flayed ghost stares at you with tortured malice.
The royal mummy barely misses you.
You shred the net and break free!
The royal mummy gestures at you while chanting.
Something smites you!
You die...

#.....#.....###.B.#...#
#.§M.M#...M..###.M#..##
#.B§..#.......##MQ...##
#WB§.4#......○8AM......
#MMBss#.....§.○........
###'###......☼.☼.......
#...§§##############'##
#...sWM# ,, , , ..
#....B@# , , , , .
#..§§§§# ,, , ^ ,
#<.§§§§# , , , ########
*


You could see a royal mummy, an emperor scorpion (summoned), a flayed ghost
(summoned) and a death scarab (summoned).

Vanquished Creatures
  Asmodeus (Geh:7)
  Dissolution (Slime:4)
  Ereshkigal (Tar:7)
  the Royal Jelly (Slime:5)
  the Serpent of Hell (Geh:7)
  Dispater (Dis:7)
  5 dread liches
  4 ancient liches
  Mennas (Depths:4)
  A juggernaut (Depths:2)
  Sojobo (Tomb:2)
  3 royal mummies
  26 shard shrikes
  Boris (Vaults:4)
  Vashnia (Snake:3)
  Bai Suzhen (Swamp:3)
  Saint Roka (Depths:4)
  Xtahua (Vaults:4)
  Nikola (Snake:3)
  A golden dragon (Vaults:5)
  39 Brimstone Fiends
  31 bone dragons
  21 doom hounds
  46 Tzitzimimeh
  15 iron giants
  12 Hell Sentinels
  Rupert (Snake:1)
  16 liches
  3 tentacled monstrosities
  28 Ice Fiends
  5 quicksilver dragons
  8 titans
  12 acid blobs
  3 deep elf blademasters
  2 deep elf master archers (Elf:3)
  2 tentacled starspawn (Abyss:3)
  5 Executioners
  28 ancient champions
  2 storm dragons
  Kirke (Snake:3)
  A quicksilver dragon (shapeshifter) (Depths:2)
  A revenant (Tomb:1)
  Frances (Swamp:1)
  14 sphinxes
  8 tengu reavers
  A storm dragon (shapeshifter) (Depths:2)
  15 nagarajas
  21 shadow dragons
  9 azure jellies
  18 fire giants
  15 iron dragons
  7 rockslimes
  A ghost moth (shapeshifter) (Depths:2)
  The ghost of Vuxtiasch the Quickloader, a journeyman GnHu of Ashenzari (Orc:1)
  4 cacodemons
  Louise (Depths:1)
  5 deep elf sorcerers
  14 frost giants
  An iron dragon (shapeshifter) (Depths:2)
  22 vault wardens
  2 ghost moths (Depths:2)
  A draconian annihilator (Depths:2)
  20 balrugs
  9 ghouls
  3 curse skulls
  5 deep elf elementalists (Elf:3)
  27 ironbound preservers
  8 stone giants
  89 reapers
  3 spriggan defenders
  6 elemental wellsprings
  29 very ugly things
  20 war gargoyles
  7 quicksilver oozes
  12 vampire knights
  6 bennus
  8 deep elf demonologists
  12 deep elf annihilators
  5 spark wasps
  7 entropy weavers
  2 lorocyprocas (Depths:2)
  6 dire elephants
  4 bunyips
  2 green deaths
  3 crystal guardians
  10 deep elf death magi
  7 eleionomae
  17 blizzard demons
  21 ettins
  4 fire dragons
  11 mummy priests
  13 quicksilver dragon zombies
  2 rakshasas
  6 deep elf high priests
  26 jiangshi
  An ice dragon (shapeshifter) (Depths:2)
  10 yaktaur captains
  35 ice dragons
  27 naga warriors
  12 quicksilver dragon skeletons
  33 vault guards
  13 great orbs of eyes
  2 kraken zombies
  2 peacekeepers
  4 boulder beetles
  3 ironbound thunderhulks (Vaults:1)
  A hell beast (Dis:3)
  15 hydras
  5 spriggan air magi
  2 ogre magi
  11 ironbound frosthearts
  31 centaur warriors
  A juggernaut simulacrum (Depths:2)
  11 ghost crabs
  3 catoblepae
  5 alligators
  5 anacondas
  26 hell hogs
  12 two-headed ogres
  4 death knights
  6 tengu warriors
  17 death scarabs (Tomb:1)
  17 titan zombies
  9 death yaks
  2 deep troll shamans
  An orc high priest (Elf:3)
  10 vampire magi
  A thrashing horror (Abyss:2)
  7 ironbound beastmasters
  33 dancing weapons
  20 naga sharpshooters
  3 spriggan berserkers
  Urug (D:10)
  23 sun demons
  85 hell knights
  13 iron golems
  25 soul eaters
  15 deep elf knights
  6 deep troll earth magi
  15 storm dragon zombies
  6 shock serpents
  Sonja (D:13)
  17 shadow wraiths
  A fire crab (shapeshifter) (D:15)
  An iron giant zombie (Crypt:2)
  10 titan skeletons
  A spark wasp zombie (Hell)
  3 sixfirhies
  3 salamander mystics
  3 iron trolls
  A sea snake (shapeshifter) (Vaults:5)
  2 wretched stars (Abyss:3)
  2 fire crabs
  An iron troll (shapeshifter) (Depths:2)
  13 storm dragon skeletons
  11 golden dragon zombies
  26 anaconda zombies
  70 deep trolls
  A spatial maelstrom (Abyss:3)
  3 spriggan druids (Swamp:4)
  2 death drakes
  26 flayed ghosts
  A glowing orange brain (Slime:4)
  257 skeletal warriors
  20 shadow demons
  3 goliath frogs
  An unseen horror (D:15)
  7 naga ritualists
  2 ghost moth zombies
  A quicksilver dragon simulacrum (Coc:1)
  2 spectral hydras (Swamp:4)
  13 wizards
  10 bog bodies
  34 ironbound convokers
  A swamp dragon (shapeshifter) (Elf:3)
  3 swamp dragons
  14 anaconda skeletons
  7 lindwurms
  10 golden dragon skeletons
  41 phantasmal warriors
  A sphinx zombie (Crypt:2)
  8 starcursed masses
  12 deep elf archers
  13 harpies
  35 deep elf pyromancers
  22 stone giant zombies
  9 orc knights
  26 deep elf zephyrmancers
  11 wolf spider zombies
  20 frost giant zombies
  11 shadow dragon zombies
  32 necromancers
  5 will-o-the-wisps
  9 mana vipers
  14 iron dragon zombies
  5 shadow dragon skeletons
  7 cyclopes
  39 ugly things
  The ghost of hemabe71 the Charlatan, a novice HuAr of Okawaru (D:5)
  3 orc sorcerers (Orc:2)
  4 manticores
  19 fire giant zombies
  3 oklob plants
  A wolf spider (Lair:6)
  A moth of wrath (shapeshifter) (D:14)
  A shining eye (shapeshifter) (Elf:3)
  7 shining eyes
  8 salamanders
  11 iron dragon skeletons
  79 rust devils
  An elephant (shapeshifter) (D:14)
  10 dire elephant zombies
  A salamander (shapeshifter) (Depths:2)
  A guardian serpent (shapeshifter) (D:11)
  18 fire giant skeletons
  17 stone giant skeletons
  27 black mambas
  19 vault sentinels
  8 frost giant skeletons
  4 shock serpent zombies
  6 guardian serpents
  An eye of devastation (Slime:5)
  Joseph (D:8)
  24 naga magi
  An eye of devastation (shapeshifter) (Vaults:5)
  3 ice statues
  16 cane toads
  15 elephants
  A water nymph (shapeshifter) (Vaults:5)
  A minotaur zombie (Gauntlet)
  9 molten gargoyles
  14 smoke demons
  14 dire elephant skeletons
  8 komodo dragons
  2 orange demons
  Maggie (D:10)
  5 gargoyles
  5 catoblepas zombies
  4 shock serpent skeletons
  3 kobold demonologists (D:15)
  3 rime drakes
  11 efreet
  A green draconian zombie (Crypt:2)
  A hellwing (Abyss:2)
  2 purple draconian skeletons
  56 hellions
  29 hydra zombies
  4 emperor scorpion zombies
  45 ice devils
  63 freezing wraiths
  2 swamp worm zombies (Swamp:4)
  37 yaktaurs
  84 tormentors
  4 anaconda simulacra
  2 ancient zymes
  7 catoblepas skeletons
  15 guardian mummies
  5 tengu conjurers
  2 minotaur skeletons
  6 tyrant leeches
  A wind drake (shapeshifter) (D:14)
  2 golden dragon simulacra (IceCv)
  6 harpy zombies
  39 red devils
  A queen bee (D:9)
  A meliai (D:12)
  A queen bee (shapeshifter) (Depths:4)
  A troll (shapeshifter) (Vaults:4)
  A jumping spider (Vaults:1)
  13 trolls
  12 polar bears
  6 silent spectres
  14 ettin zombies
  16 hydra skeletons
  A wolf spider simulacrum (IceCv)
  4 shadow dragon simulacra
  10 hornets
  3 harpy skeletons
  4 spriggan zombies
  3 raiju (Lair:6)
  2 hornets (shapeshifter) (Vaults:5)
  117 slime creatures
  8 blink frogs
  A tyrant leech (shapeshifter) (Vaults:5)
  A spectral swamp dragon (Swamp:4)
  2 boulder beetle zombies
  16 fire dragon zombies
  8 ice dragon zombies
  5 large abominations
  7 dream sheep
  5 alligator zombies
  9 black mamba zombies
  A deep troll zombie (Hell)
  2 air elementals
  14 redbacks
  9 ice dragon skeletons
  2 iron dragon simulacra
  13 ettin skeletons
  A fire giant simulacrum (Crypt:2)
  211 flying skulls
  3 redbacks (shapeshifter)
  8 spriggans
  67 wraiths
  4 dire elephant simulacra
  3 fire bats (Gauntlet)
  9 fire dragon skeletons
  63 fire elementals
  46 shadows
  20 wyverns
  4 centaur simulacra
  2 wind drake zombies (Crypt:1)
  A vampire (D:15)
  A black mamba skeleton (Dis:4)
  9 alligator skeletons
  5 ushabtiu
  2 hogs (Snake:3)
  12 water elementals
  5 tarantellas
  60 yaks
  8 basilisks
  2 neqoxecs
  16 golden eyes
  3 steam dragons
  An emperor scorpion simulacrum (Crypt:1)
  10 vampire mosquitoes
  3 harpy simulacra
  A gelid demonspawn zombie (Dis:7)
  11 wargs
  13 swamp worms
  2 acid dragons
  An infernal demonspawn zombie (Crypt:3)
  A monstrous demonspawn zombie (Crypt:2)
  A merfolk zombie (Coc:5)
  79 nagas
  A naga (shapeshifter) (Vaults:5)
  19 water moccasins
  3 iron troll simulacra (IceCv)
  7 hydra simulacra
  A torturous demonspawn zombie (Tar:3)
  21 cane toad zombies
  176 hell hounds
  2 floating eyes
  2 merfolk skeletons
  A swamp drake (Swamp:1)
  44 orc warriors
  11 black bears (Lair:6)
  2 alligator simulacra
  6 sky beasts
  A black bear (shapeshifter) (Elf:2)
  10 manticore zombies
  8 swamp dragon zombies
  10 cane toad skeletons
  21 ice beasts
  64 necrophages
  A hornet zombie (D:15)
  4 ettin simulacra
  9 snapping turtle zombies
  47 wolves
  10 small abominations
  The ghost of fasse2k the Chiller, an amateur DgIE (D:6)
  A dream sheep zombie (Crypt:1)
  4 manticore skeletons
  13 centaurs
  14 ogres
  6 snapping turtle skeletons
  3 swamp dragon skeletons
  25 phantoms
  3 elf zombies
  16 bullfrogs
  A salamander zombie (Crypt:2)
  2 kobold brigands
  Blork the orc (Elf:1)
  9 earth elementals
  A merfolk simulacrum (Coc:2)
  2 cane toad simulacra
  A wyvern skeleton (D:14)
  A swamp dragon simulacrum (Tar:2)
  2 snapping turtle simulacra
  4 troll zombies
  29 killer bees (D:9)
  2 scorpions (D:6)
  A manticore simulacrum (Coc:2)
  168 wights
  2 elephant simulacra (IceCv)
  2 electric eels (D:13)
  4 howler monkeys
  3 troll skeletons
  15 crimson imps
  2 bullfrog zombies
  3 draconian simulacra (IceCv)
  3 quasits
  4 centaur zombies
  5 jellies
  12 orc priests
  3 human zombies
  5 centaur skeletons
  Crazy Yiuf (D:5)
  3 bullfrog skeletons
  9 hounds
  51 iron imps
  6 iguanas
  4 human skeletons
  20 orc wizards
  2 spriggan simulacra (IceCv)
  A spectral swamp drake (Swamp:4)
  7 troll simulacra (IceCv)
  10 worker ants
  A polar bear simulacrum (IceCv)
  3 naga zombies
  An ogre zombie (Dis:7)
  3 wolf simulacra (IceCv)
  3 tengu zombies
  A naga skeleton (Tar:5)
  An ogre skeleton (Coc:7)
  4 hound zombies
  3 tengu skeletons
  A hound skeleton (D:5)
  75 mummies
  3 howler monkey zombies
  3 swamp drake zombies (Swamp:4)
  10 adders
  4 naga simulacra (IceCv)
  30 shadow imps
  26 white imps
  8 ufetubi
  An ooze (D:1)
  An adder zombie (D:7)
  A lava snake zombie (Crypt:1)
  4 adder skeletons
  3 worms
  9 leopard geckos
  104 orcs
  8 bats
  A bat skeleton (Crypt:2)
  6 giant cockroaches
  8 goblins
  10 hobgoblins
  7 jackals
  5 quokkas
  2 ball pythons
  A ball python zombie (Crypt:1)
  3 frilled lizards
  2 gnoll zombies (Ossuary)
  3 hobgoblin zombies (Ossuary)
  2 jackal skeletons (D:6)
  12 kobolds
  2 kobold skeletons
  2 kobold zombies (Ossuary)
  3 orc skeletons
  2 orc zombies
  A quokka skeleton (D:4)
  A quokka zombie (D:7)
  5 rats
  2 starspawn tentacles (Abyss:3)
  8 tentacles
5573 creatures vanquished.

Vanquished Creatures (collateral kills)
  Antaeus (Coc:7)
  A shard shrike (Coc:7)
  Geryon (Hell)
  A bone dragon (Swamp:4)
  A doom hound (Tar:7)
  2 Tzitzimimeh (Tar:7)
  2 Ice Fiends (Coc:7)
  A lich (Coc:7)
  Murray (Hell)
  An acid blob (Slime:5)
  A revenant (Hell)
  A balrug (Hell)
  A juggernaut zombie (Hell)
  6 reapers
  A quicksilver ooze (Slime:5)
  2 elemental wellsprings (Coc:7)
  Azrael (D:13)
  A minotaur (Gauntlet)
  3 blizzard demons
  A fire dragon (Depths:4)
  A centaur warrior (Vaults:1)
  A deep troll earth mage (Depths:4)
  A spriggan berserker (Depths:4)
  2 iron golems (Hell)
  A sun demon (Hell)
  2 skeletal warriors
  A spark wasp zombie (Hell)
  An anaconda zombie (Hell)
  An ironbound convoker (Vaults:1)
  A shadow dragon zombie (Hell)
  2 frost giant zombies
  A manticore (D:13)
  A gargoyle (D:13)
  A rust devil (Hell)
  An orange demon (Hell)
  A demonic crawler (Hell)
  A freezing wraith (Hell)
  2 hydra zombies
  3 ice devils (Coc:7)
  A silent spectre (Tar:7)
  A harpy zombie (Coc:7)
  A spectral swamp dragon (Swamp:4)
  A hydra skeleton (Coc:7)
  4 flying skulls (Tar:7)
  A shadow (Tar:7)
  5 yaks (D:13)
  A wraith (Coc:7)
  A cane toad zombie (Coc:7)
  2 hell hounds
  A necrophage (Tar:7)
  A phantom (Swamp:4)
  A wight (Coc:7)
  2 electric eels (D:13)
  2 white imps (Coc:7)
  An orc (D:13)
81 creatures vanquished.

Vanquished Creatures (others)
  2 tengu reavers (Tomb:2)
  A fire giant (Depths:4)
  Aizul (Snake:1)
  A reaper (Tar:2)
  An elemental wellspring (Coc:7)
  An ice dragon (Coc:7)
  A rakshasa (Depths:2)
  A naga warrior (Snake:2)
  A ghost crab (Swamp:4)
  2 titan zombies
  A hell knight (Geh:4)
  A skeletal warrior (Coc:4)
  An anaconda zombie (Coc:7)
  2 deep elf pyromancers (Elf:1)
  A deep elf zephyrmancer (Elf:2)
  A rust devil (Hell)
  A guardian serpent (Snake:4)
  A tyrant leech (Swamp:4)
  4 bloated husks (Swamp:4)
  4 flying skulls (Coc:7)
  A shadow (Geh:5)
  An ushabti (Tomb:2)
  3 humans (Snake:3)
  An orc warrior (Depths:4)
  A manticore zombie (Geh:7)
  A phantom (Swamp:4)
  An elf skeleton (Geh:7)
  5 wights
  An orc wizard (D:4)
  A shadow imp (Tar:5)
  An orc (D:13)
  An orc skeleton (Geh:4)
  A demonic plant (Gauntlet)
  25 foxfires
  37 fungi
  81 plants
  2 starspawn tentacles (Abyss:3)
  3 tentacles (Coc:7)
  32 withered plants
228 creatures vanquished.

Grand Total: 5882 creatures vanquished

Notes
Turn   | Place    | Note
-------+----------+-------------------------------------------
     0 | D:1      | TRUEvector the Human Fighter began the quest for the Orb.
     0 | D:1      | Reached XP level 1. HP: 18/18 MP: 1/1
   188 | D:1      | Reached XP level 2. HP: 24/24 MP: 2/2
   385 | D:1      | Reached XP level 3. HP: 26/29 MP: 3/3
  1160 | D:2      | Reached XP level 4. HP: 35/35 MP: 4/4
  1859 | D:3      | Reached XP level 5. HP: 35/41 MP: 5/5
  2054 | D:3      | Reached skill level 1 in Dodging
  2394 | D:3      | HP: 2/41 [orc/+0 flail (6)]
  2398 | D:3      | Gained mutation: You passively map a small area around you.
                  | [potion of mutation]
  2398 | D:3      | Gained mutation: Your movements are slightly less
                  | encumbered by armour. (ER -2) [potion of mutation]
  2398 | D:3      | Gained mutation: You expend magic power (3 MP) to
                  | strengthen your wands. [potion of mutation]
  2413 | D:3      | Reached XP level 6. HP: 15/47 MP: 6/6
  2990 | D:4      | Found a staircase to the Ecumenical Temple.
  3014 | Temple   | Entered the Ecumenical Temple
  3020 | Temple   | Became a worshipper of the Shining One
  3088 | D:4      | Found Naxuopp's General Store.
  3091 | D:4      | Bought a scroll of identify for 22 gold pieces
  3091 | D:4      | Bought a +1 pair of gloves for 126 gold pieces
  3329 | D:4      | Found a sand-covered staircase.
  3367 | D:4      | Reached XP level 7. HP: 36/53 MP: 7/7
  3402 | Ossuary  | Entered an ossuary
  3464 | Ossuary  | Reached * piety under the Shining One
  4125 | D:4      | Reached skill level 5 in Long Blades
  4555 | D:5      | Entered Level 5 of the Dungeon
  4604 | D:5      | Reached ** piety under the Shining One
  4789 | D:5      | Found a bloodstained altar of Trog.
  4853 | D:5      | Found a runed translucent gate.
  4853 | D:5      | Found a runed translucent gate.
  4853 | D:5      | Found a runed translucent gate.
  4855 | D:5      | Noticed hemabe71's ghost (novice HuAr)
  4949 | D:5      | Reached XP level 8. HP: 42/60 MP: 8/8
  5118 | D:5      | Reached skill level 5 in Shields
  5445 | D:5      | You fall into a shaft and drop 3 floors!
  5453 | D:8      | Noticed Joseph
  5477 | D:7      | Identified the +3 leather armour "Jupekkuu" {+Blink rC+++
                  | Int-2 SInv}
  5557 | D:6      | Found Amnoloemm's General Store.
  5895 | D:6      | Found a runed translucent gate.
  5895 | D:6      | Found a runed translucent gate.
  5897 | D:6      | Found a runed translucent gate.
  5898 | D:6      | Noticed fasse2k's ghost (amateur DgIE)
  5898 | D:6      | Reached *** piety under the Shining One
  6129 | D:5      | Found a runed translucent door.
  6130 | D:5      | Noticed Crazy Yiuf
  6135 | D:5      | Killed Crazy Yiuf
  6262 | D:6      | Killed fasse2k's ghost
  6272 | D:6      | Reached skill level 5 in Armour
  6285 | D:6      | Reached XP level 9. HP: 59/66 MP: 9/9
  6636 | D:6      | Reached skill level 5 in Fighting
  6728 | D:6      | Reached skill level 1 in Invocations
  6728 | D:6      | Reached skill level 1 in Evocations
  7885 | D:6      | Bought the +6 long sword of Yeast {protect, rPois Dex+4}
                  | for 591 gold pieces
  7993 | D:7      | Reached XP level 10. HP: 17/74 MP: 10/12
  8420 | D:8      | Upgraded the game from 0.27-a0-607-g1ad3dbde53 to
                  | 0.27-a0-637-g3a9f0a9c12
  8437 | D:8      | Killed Joseph
  8529 | D:8      | Reached **** piety under the Shining One
  9099 | D:5      | Killed hemabe71's ghost
  9170 | D:4      | Bought a scroll of identify for 22 gold pieces
  9170 | D:4      | Bought a potion of ambrosia for 88 gold pieces
  9565 | D:9      | Noticed a death yak
  9565 | D:9      | Noticed a death yak
  9571 | D:9      | Noticed a death yak
  9583 | D:9      | Killed a death yak
  9596 | D:9      | Killed a death yak
  9597 | D:9      | Reached XP level 11. HP: 47/81 MP: 14/14
  9866 | D:8      | Killed a death yak
  9867 | D:8      | Reached skill level 5 in Invocations
 10084 | D:9      | Reached skill level 10 in Long Blades
 10221 | D:9      | Reached skill level 5 in Evocations
 10299 | D:9      | Found a staircase to the Lair.
 10311 | D:9      | Found Kest's Weapon Boutique.
 10312 | D:9      | Found a staircase to the Orcish Mines.
 10314 | D:9      | Found Saegoru's Armour Boutique.
 10529 | D:9      | Found an ornate altar of the Wu Jian Council.
 10577 | D:9      | Noticed a four-headed hydra
 10586 | D:9      | Killed a four-headed hydra
 11212 | D:10     | Entered Level 10 of the Dungeon
 11378 | D:10     | Noticed Urug
 11399 | D:10     | Killed Urug
 11620 | D:10     | Noticed Maggie
 11631 | D:10     | Killed Maggie
 11759 | D:10     | Reached XP level 12. HP: 87/89 MP: 16/16
 11783 | D:10     | Noticed a two-headed ogre
 11794 | D:10     | Killed a two-headed ogre
 12521 | D:11     | Found a gate leading to a gauntlet.
 12522 | D:11     | Noticed a boulder beetle
 12552 | D:11     | Killed a boulder beetle
 12632 | Gauntlet | Entered a Gauntlet
 12632 | Gauntlet | Found a transporter.
 12632 | Gauntlet | Found a transporter.
 12632 | Gauntlet | Found a runed translucent gate.
 12632 | Gauntlet | Found a runed translucent gate.
 12632 | Gauntlet | Found a runed translucent gate.
 12705 | Gauntlet | Found a transporter.
 12705 | Gauntlet | Found a transporter.
 12726 | Gauntlet | Found a transporter.
 12737 | Gauntlet | Found a transporter.
 12738 | Gauntlet | Found a transporter.
 12746 | Gauntlet | Found a transporter.
 12749 | Gauntlet | Noticed a fire crab
 12760 | Gauntlet | Noticed a hell hog
 12762 | Gauntlet | Found a transporter.
 12776 | Gauntlet | Found a transporter.
 12780 | Gauntlet | Found a transporter.
 12780 | Gauntlet | Reached ***** piety under the Shining One
 12788 | Gauntlet | Found a transporter.
 13029 | Gauntlet | Identified the ring "Qiullule" {MP+9 Int+5}
 13055 | Gauntlet | Killed a hell hog
 13094 | Gauntlet | Identified the +0 plate armour "Ogaunnar" {rPois Dex+4}
 13094 | Gauntlet | Noticed a minotaur
 13104 | Gauntlet | Killed a minotaur
 13151 | Gauntlet | Identified a scroll of acquirement
 13159 | D:11     | Acquired 933 gold pieces
 13251 | D:11     | Noticed a two-headed ogre
 13262 | D:11     | Killed a two-headed ogre
 13464 | D:11     | Noticed a death knight
 13599 | D:10     | Killed a death knight
 13954 | D:11     | Reached XP level 13. HP: 81/98 MP: 18/18
 14878 | D:12     | Noticed a boulder beetle
 14905 | D:12     | Killed a boulder beetle
 16219 | D:13     | Noticed Azrael
 16739 | D:13     | Reached skill level 10 in Shields
 16830 | D:13     | Found Ydifonef's Magic Scroll Boutique.
 16958 | D:13     | Noticed Sonja
 16971 | D:13     | Killed Azrael
 16988 | D:13     | Killed Sonja
 17331 | D:13     | Bought a scroll of brand weapon for 240 gold pieces
 17331 | D:13     | Bought a scroll of enchant weapon for 90 gold pieces
 17331 | D:13     | Bought a scroll of enchant weapon for 90 gold pieces
 17765 | D:13     | Found an ancient bone altar of Kikubaaqudgha.
 17939 | D:14     | Reached XP level 14. HP: 104/106 MP: 20/20
 18822 | D:14     | Identified the +4 hunting sling of Distant Worlds {flame,
                  | Str+3 Stlth+}
 18822 | D:14     | Identified the amulet "Sust" {Faith Int+5}
 19101 | D:14     | Found a gate to the Vaults.
 19138 | D:14     | Found Iminet's Jewellery Shop.
 19143 | D:14     | Bought the ring "Ygiqu" {rElec rPois rF+ rC+ Will- Str+4}
                  | for 598 gold pieces
 19254 | D:14     | Reached skill level 10 in Invocations
 19661 | D:15     | Entered Level 15 of the Dungeon
 20108 | D:15     | Reached XP level 15. HP: 72/113 MP: 20/22
 20143 | D:15     | Acquired the ring "Vaxae" {rC+ Dex+2 Slay+4}
 20481 | D:15     | Reached ****** piety under the Shining One
 20769 | D:15     | Found a staircase to the Depths.
 21297 | Lair:1   | Entered Level 1 of the Lair of Beasts
 22514 | Lair:2   | Found a staircase to the Swamp.
 22556 | Lair:2   | Reached skill level 10 in Fighting
 23227 | Lair:3   | Reached skill level 5 in Dodging
 23254 | Lair:3   | Found a staircase to the Snake Pit.
 23403 | Lair:3   | Reached skill level 10 in Evocations
 23908 | Lair:4   | You fall into a shaft and drop 1 floor!
 23971 | Lair:5   | Reached XP level 16. HP: 112/122 MP: 24/24
 23985 | Lair:5   | Found a staircase to the Slime Pits.
 24770 | Lair:4   | Noticed Snorg
 24771 | Lair:4   | Noticed Snorg
 24771 | Lair:4   | Snorg changed into Snorg the fire crab
 24783 | Lair:4   | Killed Snorg the fire crab
 26035 | Lair:6   | Entered Level 6 of the Lair of Beasts
 26212 | Lair:6   | Reached skill level 10 in Armour
 27509 | Lair:6   | Reached XP level 17. HP: 131/131 MP: 26/26
 28403 | Orc:1    | Entered Level 1 of the Orcish Mines
 28451 | Orc:1    | Found a runed translucent door.
 28461 | Orc:1    | Noticed Vuxtiasch's ghost (journeyman GnHu)
 28505 | Orc:1    | Killed Vuxtiasch's ghost
 28652 | Orc:1    | Found a shimmering altar of Xom.
 29241 | Orc:2    | Entered Level 2 of the Orcish Mines
 29254 | Orc:2    | Paralysed by an orc sorcerer for 6 turns
 29796 | Orc:2    | Found a staircase to the Elven Halls.
 29813 | Elf:1    | Entered Level 1 of the Elven Halls
 30338 | Orc:2    | Found Uryptun's General Store.
 30338 | Orc:2    | Found Muod's Antique Armour Emporium.
 30668 | Orc:2    | Found Qetragy's Assorted Antiques.
 30668 | Orc:2    | Found Qulytekk's Armour Emporium.
 30690 | Orc:2    | Bought a wand of paralysis (8) for 38 gold pieces
 30690 | Orc:2    | Bought a tourmaline ring for 95 gold pieces
 30690 | Orc:2    | Bought a wavering ivory ring for 95 gold pieces
 30690 | Orc:2    | Identified the ring of Stoicism {rPois rF+ rC- Will+ Int+6}
                  | (You bought it in a shop on level 2 of the Orcish Mines)
 30700 | Orc:2    | Bought the +0 helmet of Shielding {Rampage Will+} for 256
                  | gold pieces
 31037 | Orc:2    | Bought the +3 crown of Dyrovepreva {rElec Int+2 SInv} for
                  | 1035 gold pieces
 31037 | Orc:2    | Found the +3 crown of Dyrovepreva {rElec Int+2 SInv}
 31037 | Orc:2    | Bought a shiny kite shield for 187 gold pieces
 31173 | Swamp:1  | Entered Level 1 of the Swamp
 31203 | Swamp:1  | Identified the +0 ring mail of Tiuc {Rampage Slay+3}
 31213 | Swamp:1  | Noticed Frances
 31225 | Swamp:1  | Killed Frances
 32664 | Swamp:2  | Reached XP level 18. HP: 126/140 MP: 27/27
 33831 | Swamp:3  | Noticed Bai Suzhen
 33868 | Swamp:3  | Killed Bai Suzhen
 34273 | Swamp:4  | Entered Level 4 of the Swamp
 34430 | Swamp:4  | Noticed a tentacled monstrosity
 34530 | Swamp:4  | Killed a tentacled monstrosity
 34817 | Swamp:4  | Reached skill level 15 in Shields
 35785 | Swamp:4  | Noticed a bone dragon
 35819 | Swamp:4  | Killed a bone dragon
 36205 | Swamp:4  | Got a decaying rune of Zot
 36482 | Snake:1  | Entered Level 1 of the Snake Pit
 36753 | Snake:1  | Found Lefops's Antique Weapon Boutique.
 36785 | Snake:1  | Noticed Rupert
 36785 | Snake:1  | Noticed Aizul
 36798 | Snake:1  | Killed Rupert
 36865 | Snake:1  | Killed Aizul
 37175 | Snake:1  | Reached XP level 19. HP: 130/149 MP: 29/29
 37379 | Snake:2  | Found a glowing golden altar of the Shining One.
 38596 | Snake:3  | Noticed Vashnia
 38683 | Snake:3  | Killed Vashnia
 39066 | Snake:3  | Noticed Kirke
 39086 | Snake:3  | Killed Kirke
 39302 | Snake:3  | Noticed Nikola
 39322 | Snake:3  | Killed Nikola
 40175 | Snake:4  | Entered Level 4 of the Snake Pit
 40221 | Snake:4  | Found Qymog's Book Shop.
 41368 | Snake:4  | Found Woas's Jewellery Shoppe.
 41368 | Snake:4  | Found Emiucik's Book Shop.
 41369 | Snake:4  | Found Maur's Book Shop.
 41385 | Snake:4  | Bought the amulet "Umaelufy" {Will+ Regen+ Int+2} for 936
                  | gold pieces
 41498 | Snake:4  | Found the +18 shield of the Gong {rElec rN+ Will+ EV-5}
 41646 | Snake:3  | Reached XP level 20. HP: 131/160 MP: 31/31
 42137 | Snake:4  | Reached skill level 15 in Invocations
 42189 | Snake:4  | Reached skill level 15 in Fighting
 42266 | Snake:4  | Got a serpentine rune of Zot
 43440 | Vaults:1 | Entered Level 1 of the Vaults
 43583 | Vaults:1 | Identified the +8 arbalest of the Moth {speed, rF+}
 43695 | Vaults:1 | Reached XP level 21. HP: 111/170 MP: 19/32
 45189 | Elf:1    | Found Ritzi's Weapon Emporium.
 45971 | Elf:1    | Noticed Blork the orc
 45977 | Elf:1    | Found a shimmering blue altar of Sif Muna.
 45995 | Elf:1    | Killed Blork the orc
 46220 | Elf:2    | Reached skill level 15 in Armour
 46255 | Elf:2    | Reached XP level 22. HP: 180/180 MP: 34/34
 46806 | Elf:2    | Found a huge runed translucent gate.
 46806 | Elf:2    | Found a huge runed translucent gate.
 46806 | Elf:2    | Found a huge runed translucent gate.
 46806 | Elf:2    | Found a huge runed translucent gate.
 46811 | Elf:2    | Found a huge runed translucent gate.
 47327 | Elf:3    | Entered Level 3 of the Elven Halls
 47344 | Elf:3    | Found Raetsor's Antique Armour Shop.
 47372 | Elf:3    | Found a frozen archway.
 47384 | IceCv    | Entered an ice cave
 48686 | Elf:3    | Reached skill level 15 in Long Blades
 48799 | Elf:3    | Reached XP level 23. HP: 175/188 MP: 2/35
 49001 | Elf:3    | Identified the +7 lajatang "Joaqomn" {freeze, rF+}
 49062 | Elf:3    | Identified the +7 war axe of the Morning {venom, +Blink rF+
                  | Will++ Int-4}
 49142 | Elf:3    | Identified the +2 great sword of Puwin {vorpal, rElec Dex+2
                  | Stlth+}
 49147 | Elf:3    | Identified the +3 chain mail of the Heron {rN+}
 49156 | Elf:3    | Identified the amulet "Nawnonag" {RegenMP rC- rN+ Int+3
                  | Slay+2}
 49158 | Elf:3    | Identified Sefesk's Primer on Secret Knowledge
 49161 | Elf:3    | Identified the +3 scale mail of Dyspraxia {Slay+3}
 49187 | Elf:3    | Identified the Volume of Clay and the Compass
 49222 | Elf:3    | Identified the +0 cloak "Bobrew" {rF+ rC+ Str+3 Dex-2}
 49264 | Elf:3    | Identified the ring "Nifiaxiu" {rElec rC- Int+5 Dex+6 SInv}
 49689 | Elf:3    | Bought a shiny plate armour for 728 gold pieces
 50216 | Vaults:1 | Reached skill level 10 in Dodging
 50505 | Vaults:1 | Found the ring of Shadows {Umbra +Inv Stlth+}
 51175 | Vaults:2 | Reached skill level 15 in Evocations
 51218 | Vaults:2 | Found Laury's Antique Weapon Emporium.
 51860 | Vaults:2 | Found a staircase to the Crypt.
 52712 | Vaults:3 | Reached XP level 24. HP: 194/195 MP: 11/35
 54573 | Vaults:3 | Identified the +0 battleaxe of the Puffball {venom, rPois
                  | Stlth+}
 54867 | Vaults:4 | Reached skill level 15 in Dodging
 55233 | Vaults:4 | Noticed Xtahua
 55252 | Vaults:4 | Killed Xtahua
 55253 | Vaults:4 | Reached XP level 25. HP: 158/202 MP: 9/35
 55430 | Vaults:4 | Noticed Boris
 55442 | Vaults:4 | Killed Boris
 55463 | Vaults:4 | Identified the +5 bardiche of Valour {freeze, *Contam
                  | *Drain +Rage rF+++}
 55721 | Vaults:4 | Identified the ring "Vadoun" {rF+ rC++ rN+ Str+4}
 56250 | Depths:1 | Entered Level 1 of the Depths
 56347 | Depths:1 | Found a runed translucent door.
 56389 | Depths:1 | Found a one-way gate leading to the halls of Pandemonium.
 56804 | Depths:1 | Noticed Louise
 56819 | Depths:1 | Killed Louise
 56864 | Depths:1 | Found a one-way gate to the infinite horrors of the Abyss.
 57027 | Depths:1 | Found a gateway to Hell.
 57747 | Depths:2 | Reached XP level 26. HP: 207/209 MP: 12/36
 58414 | Depths:2 | Noticed a dread lich
 58430 | Depths:2 | Killed a dread lich
 58570 | Depths:3 | Noticed a juggernaut
 58584 | Depths:2 | Killed a juggernaut
 59119 | Depths:3 | You fall into a shaft and drop 1 floor!
 59119 | Depths:4 | Found a large runed translucent door.
 59119 | Depths:4 | Found a large runed translucent door.
 59119 | Depths:4 | Found a large runed translucent door.
 59119 | Depths:4 | Found a large runed translucent door.
 59122 | Depths:4 | Noticed Mennas
 59130 | Depths:4 | Found a large runed translucent door.
 59130 | Depths:4 | Found a large runed translucent door.
 59191 | Depths:4 | Killed Mennas
 59475 | Depths:4 | Found a large runed translucent door.
 59476 | Depths:4 | Found a large runed translucent door.
 59768 | Depths:3 | Reached XP level 27. HP: 215/215 MP: 12/36
 60301 | Depths:4 | Noticed Saint Roka
 60322 | Depths:4 | Killed Saint Roka
 60650 | Depths:4 | Found a gateway to a ziggurat.
 61132 | Hell     | Entered the Vestibule of Hell
 61132 | Hell     | Noticed Geryon
 61185 | Hell     | Killed Geryon
 61192 | Hell     | Noticed Murray
 61216 | Hell     | Killed Murray
 61364 | Hell     | Found a gateway to the decaying netherworld of Tartarus.
 61420 | Hell     | Found a gateway to the ashen valley of Gehenna.
 61489 | Hell     | Found a gateway to the Iron City of Dis.
 61544 | Hell     | Found a gateway to the freezing wastes of Cocytus.
 61652 | Geh:1    | Entered Level 1 of Gehenna
 63145 | Slime:1  | Entered Level 1 of the Pits of Slime
 63167 | Slime:1  | Gained mutation: You do not regenerate when monsters are
                  | visible. [a shining eye]
 63169 | Slime:1  | Gained mutation: You are frail. (-10% HP) [a shining eye]
 63171 | Slime:1  | Gained mutation: Scrolls take you a little longer to read.
                  | [a shining eye]
 63172 | Slime:1  | Gained mutation: You are very frail. (-20% HP) [a shining
                  | eye]
 63394 | Orc:2    | Lost mutation: You are very frail. (-20% HP) [potion of
                  | mutation]
 63394 | Orc:2    | Lost mutation: You are frail. (-10% HP) [potion of
                  | mutation]
 63394 | Orc:2    | Lost mutation: You do not regenerate when monsters are
                  | visible. [potion of mutation]
 63394 | Orc:2    | Gained mutation: Your system is resistant to poisons.
                  | (rPois) [potion of mutation]
 63394 | Orc:2    | Gained mutation: Your flesh is heat resistant. (rF+)
                  | [potion of mutation]
 63394 | Orc:2    | Gained mutation: You have sharp fingernails. [potion of
                  | mutation]
 64182 | Slime:2  | Gained mutation: You are clumsy. (Dex -2) [a shining eye]
 64184 | Slime:2  | Gained mutation: You tend to lose your temper in combat. [a
                  | shining eye]
 64186 | Slime:2  | Gained mutation: You are very clumsy. (Dex -4) [a shining
                  | eye]
 64597 | Slime:3  | HP: 2/215 [enormous slime creature (24)]
 64957 | Slime:3  | Found a viscous altar of Jiyva.
 65541 | Slime:4  | Noticed Dissolution
 65548 | Slime:4  | Paralysed by a floating eye for 3 turns
 65554 | Slime:4  | Paralysed by a floating eye for 4 turns
 65574 | Slime:4  | Killed Dissolution
 66042 | Slime:5  | Entered Level 5 of the Pits of Slime
 66444 | Slime:5  | Gained mutation: You are frail. (-10% HP) [a shining eye]
 66727 | Slime:5  | Found a viscous altar of Jiyva.
 66728 | Slime:5  | Noticed the Royal Jelly
 66767 | Slime:5  | Killed the Royal Jelly
 66831 | Slime:5  | Identified the +3 glaive "Rerus" {drain, Fragile rElec rC+
                  | Int+2}
 66874 | Slime:5  | Got a slimy rune of Zot
 66903 | Slime:5  | Identified the +1 falchion of the Final Chapter {vorpal,
                  | +Fly rF- Dex-4 Stlth+}
 66936 | Slime:5  | Identified the +7 scale mail of the Last Artists {Str+4
                  | Dex+3}
 66937 | Slime:5  | Identified the +1 hand axe of Jukaem {flame, SInv}
 66968 | Slime:5  | Identified the +10 morningstar of Naqu {freeze, Dex+5}
 66973 | Slime:5  | Identified Dispater's Volume of Supportive Stones
 67302 | Depths:1 | Lost mutation: Scrolls take you a little longer to read.
                  | [potion of mutation]
 67302 | Depths:1 | Lost mutation: Your flesh is heat resistant. (rF+) [potion
                  | of mutation]
 67302 | Depths:1 | Lost mutation: You are frail. (-10% HP) [potion of
                  | mutation]
 67302 | Depths:1 | Gained mutation: Your muscles are strong. (Str +2) [potion
                  | of mutation]
 67302 | Depths:1 | Gained mutation: You have large cloven feet. [potion of
                  | mutation]
 67303 | Depths:1 | Lost mutation: Your muscles are strong. (Str +2) [potion of
                  | mutation]
 67303 | Depths:1 | Lost mutation: You have large cloven feet. [potion of
                  | mutation]
 67303 | Depths:1 | Lost mutation: You are very clumsy. (Dex -4) [potion of
                  | mutation]
 67303 | Depths:1 | Lost mutation: You expend magic power (3 MP) to strengthen
                  | your wands. [potion of mutation]
 67303 | Depths:1 | Gained mutation: You have large cloven feet. [potion of
                  | mutation]
 67303 | Depths:1 | Gained mutation: Your spells are a little harder to cast,
                  | but a little more powerful. [potion of mutation]
 67303 | Depths:1 | Gained mutation: Your spells are harder to cast, but more
                  | powerful. [potion of mutation]
 67304 | Depths:1 | Lost mutation: You tend to lose your temper in combat.
                  | [potion of mutation]
 67304 | Depths:1 | Lost mutation: Your spells are harder to cast, but more
                  | powerful. [potion of mutation]
 67304 | Depths:1 | Gained mutation: You tend to lose your temper in combat.
                  | [potion of mutation]
 67304 | Depths:1 | Gained mutation: You are somewhat resistant to further
                  | mutation. [potion of mutation]
 67305 | Depths:1 | Lost mutation: You are clumsy. (Dex -2) [potion of
                  | mutation]
 67305 | Depths:1 | Lost mutation: You have large cloven feet. [potion of
                  | mutation]
 67305 | Depths:1 | Gained mutation: Your mind is acute. (Int +2) [potion of
                  | mutation]
 68210 | Geh:2    | Identified a +7 eudemon blade of holy wrath (a +5 demon
                  | blade blessed by the Shining One)
 68210 | Geh:2    | Received a gift from the Shining One
 70265 | Geh:4    | Found a huge runed gate.
 70270 | Geh:4    | Found a huge runed gate.
 70273 | Geh:4    | Found a huge runed gate.
 70273 | Geh:4    | Found a huge runed gate.
 70274 | Geh:4    | Found a huge runed gate.
 70276 | Geh:4    | Found a huge runed gate.
 70284 | Geh:4    | Found a huge runed gate.
 70284 | Geh:4    | Found a huge runed gate.
 70285 | Geh:4    | Found a huge runed gate.
 70286 | Geh:4    | Found a huge runed gate.
 70380 | Geh:4    | Noticed a dread lich
 70380 | Geh:4    | Noticed a dread lich
 70384 | Geh:4    | Killed a dread lich
 70385 | Geh:4    | Killed a dread lich
 72812 | Geh:7    | Entered Level 7 of Gehenna
 73594 | Geh:7    | Identified the +6 chain mail "Sattawu" {rF+ rC+++ rN+
                  | Stlth-}
 73633 | Geh:7    | Noticed the Serpent of Hell
 73652 | Geh:7    | Killed the Serpent of Hell
 73949 | Geh:7    | Identified the Papyrus of the Mountains
 74180 | Geh:7    | Found the +7 sceptre of Asmodeus
 74180 | Geh:7    | Noticed Asmodeus
 74207 | Geh:7    | Killed Asmodeus
 74234 | Geh:7    | Got an obsidian rune of Zot
 74608 | Coc:1    | Entered Level 1 of Cocytus
 75106 | Coc:1    | Noticed a shard shrike
 75117 | Coc:1    | Killed a shard shrike
 75563 | Coc:2    | Noticed a shard shrike
 75575 | Coc:2    | Killed a shard shrike
 75778 | Coc:2    | Noticed a shard shrike
 75794 | Coc:2    | Killed a shard shrike
 76469 | Coc:2    | Noticed a shard shrike
 76486 | Coc:2    | Killed a shard shrike
 76783 | Coc:2    | Noticed a shard shrike
 76793 | Coc:2    | Killed a shard shrike
 76887 | Coc:3    | Noticed a shard shrike
 76887 | Coc:3    | Noticed a shard shrike
 76888 | Coc:3    | Noticed a shard shrike
 76899 | Coc:3    | Killed a shard shrike
 76900 | Coc:3    | Killed a shard shrike
 76905 | Coc:3    | Killed a shard shrike
 77065 | Coc:3    | Noticed a shard shrike
 77070 | Coc:3    | Killed a shard shrike
 77249 | Coc:3    | You fall into a shaft and drop 1 floor!
 77469 | Coc:4    | Found a huge runed gate.
 77470 | Coc:4    | Found a huge runed gate.
 77475 | Coc:4    | Found a huge runed gate.
 77478 | Coc:4    | Found a huge runed gate.
 77478 | Coc:4    | Found a huge runed gate.
 77483 | Coc:4    | Found a huge runed gate.
 77486 | Coc:4    | Found a huge runed gate.
 77488 | Coc:4    | Found a huge runed gate.
 77497 | Coc:4    | Noticed an ancient lich
 77497 | Coc:4    | Noticed an ancient lich
 77499 | Coc:4    | Noticed an ancient lich
 77502 | Coc:4    | Killed an ancient lich
 77504 | Coc:4    | Killed an ancient lich
 77508 | Coc:4    | Killed an ancient lich
 78020 | Coc:5    | Noticed a shard shrike
 78021 | Coc:5    | Noticed a shard shrike
 78022 | Coc:5    | Noticed a shard shrike
 78029 | Coc:5    | Killed a shard shrike
 78034 | Coc:5    | Killed a shard shrike
 78037 | Coc:5    | Killed a shard shrike
 78090 | Coc:5    | Noticed a shard shrike
 78103 | Coc:5    | Killed a shard shrike
 78389 | Coc:5    | Noticed a shard shrike
 78403 | Coc:5    | Killed a shard shrike
 78762 | Coc:5    | Noticed a shard shrike
 78775 | Coc:5    | Killed a shard shrike
 78985 | Coc:5    | Noticed a shard shrike
 79010 | Coc:5    | Killed a shard shrike
 79155 | Coc:5    | Noticed a shard shrike
 79161 | Coc:5    | Killed a shard shrike
 79406 | Coc:6    | Noticed a shard shrike
 79407 | Coc:6    | Noticed a shard shrike
 79407 | Coc:6    | Noticed a shard shrike
 79421 | Coc:6    | Killed a shard shrike
 79424 | Coc:6    | Killed a shard shrike
 79425 | Coc:6    | Killed a shard shrike
 79925 | Coc:6    | Noticed a shard shrike
 79942 | Coc:6    | Killed a shard shrike
 80322 | Coc:7    | Entered Level 7 of Cocytus
 80404 | Coc:7    | Noticed a shard shrike
 80406 | Coc:7    | Killed a shard shrike
 80496 | Coc:7    | Noticed a shard shrike
 80512 | Coc:7    | Killed a shard shrike
 80859 | Coc:7    | Noticed Antaeus
 80878 | Coc:7    | Killed Antaeus
 80893 | Coc:7    | Got an icy rune of Zot
 81073 | Coc:7    | Found the amulet of the Four Winds {rN+ Will+++ Clar}
 81079 | Coc:7    | Noticed a shard shrike
 81081 | Coc:7    | Identified the ring "Efoclev" {rC++ Str+6}
 81082 | Coc:7    | Killed a shard shrike
 81110 | Coc:7    | Noticed a shard shrike
 81110 | Coc:7    | Noticed a shard shrike
 81111 | Coc:7    | Noticed a shard shrike
 81115 | Coc:7    | Killed a shard shrike
 81124 | Coc:7    | Killed a shard shrike
 81124 | Coc:7    | Killed a shard shrike
 81343 | Tar:1    | Entered Level 1 of Tartarus
 82106 | Tar:1    | Reached skill level 27 in Fighting
 86340 | Tar:5    | Reached skill level 27 in Invocations
 87785 | Tar:6    | Reached skill level 27 in Dodging
 88269 | Tar:7    | Entered Level 7 of Tartarus
 88983 | Tar:7    | Identified the +7 rapier of Bloody Death {vorpal, *Drain
                  | +Rage Dex+2 SInv}
 88985 | Tar:7    | Identified the +5 long sword of Egomania {vorpal, rPois
                  | rC+}
 89172 | Tar:7    | Identified the Collected Works on Doomed Dislocation
 89283 | Tar:7    | Noticed a dread lich
 89292 | Tar:7    | Killed a dread lich
 89355 | Tar:7    | Noticed Ereshkigal
 89422 | Tar:7    | Killed Ereshkigal
 89696 | Tar:7    | Got a bone rune of Zot
 89952 | Hell     | Upgraded the game from 0.27-a0-637-g3a9f0a9c12 to
                  | 0.27-a0-652-g2d5cf1dcd3
 90284 | Vaults:5 | Entered Level 5 of the Vaults
 90878 | Vaults:5 | Identified the +6 spear "Nyxtuq" {vorpal, SInv}
 91059 | Vaults:5 | Identified the +2 halberd of Subterfuge {vorpal, *Corrode
                  | Str+3 Int+3}
 91059 | Vaults:5 | Identified the amulet "Welan" {Acrobat *Slow Int+2 Dex+3}
 91179 | Vaults:5 | Found Giarr's Antique Armour Shoppe.
 91186 | Vaults:5 | Bought a dazzling chain mail for 361 gold pieces
 91186 | Vaults:5 | Identified the +4 chain mail of Modesty {Str+3 Dex+4} (You
                  | bought it in a shop on level 5 of the Vaults)
 91305 | Vaults:5 | Identified the ring "Ilagg" {+Inv rPois rC+ rN+++}
 91581 | Vaults:5 | Identified the Grimoire of Torrid Transformation
 91847 | Vaults:5 | Identified the +4 kite shield of the Stag {Rampage Int+4
                  | SInv Stlth+}
 91869 | Vaults:5 | Got a silver rune of Zot
 92253 | Vaults:5 | Identified the +9 dagger "Zakhlorr" {freeze, Fragile rF++
                  | Will+ Str+2}
 92475 | Depths:1 | Voluntarily entered the Abyss.
 92516 | Abyss:2  | Found a broken altar of Ashenzari.
 92918 | Abyss:3  | Got an abyssal rune of Zot
 92957 | Depths:1 | Escaped the Abyss
 93149 | Dis:1    | Entered Level 1 of the Iron City of Dis
 93642 | Dis:1    | You fall into a shaft and drop 1 floor!
 96402 | Dis:4    | Found a burning altar of Makhleb.
 99848 | Dis:7    | Entered Level 7 of the Iron City of Dis
100922 | Dis:7    | Identified the Papyrus of Entrancing Black Rituals
100941 | Dis:7    | Identified the amulet of Vestrof {Faith *Slow rPois rC++
                  | Int+3}
101231 | Dis:7    | Identified the +3 arbalest "Vaivy" {venom, rC+ SInv}
101247 | Dis:7    | Found the +4 dagger "Morg" {pain, Will+ Int+5}
101467 | Dis:7    | Identified the +4 hand axe "Killer Bee's Curse" {antimagic,
                  | rN+ Will++}
101467 | Dis:7    | Identified the ring of Tuunk {rPois Str+6 Int+3 Slay+6}
101575 | Dis:7    | Found the +4 staff of Dispater
101575 | Dis:7    | Noticed Dispater
101593 | Dis:7    | Killed Dispater
101755 | Dis:7    | Got an iron rune of Zot
102146 | Crypt:1  | Entered Level 1 of the Crypt
102341 | Crypt:1  | Identified the +0 chain mail of Snakes and Ladders {rPois
                  | rC- Str+7 Dex+3}
102527 | Crypt:1  | Identified the +4 chain mail "Webisora" {rF- Str+6 Dex+4}
103562 | Crypt:3  | Entered Level 3 of the Crypt
103855 | Crypt:3  | Identified the +3 hand crossbow of Wyrd {venom, rPois
                  | Stlth+}
104180 | Crypt:3  | Identified the +6 arbalest of Exhibitionism {vorpal, rC+}
104384 | Crypt:2  | Found an ancient bone altar of Kikubaaqudgha.
104792 | Crypt:3  | Found a staircase to the Tomb.
105003 | Crypt:3  | Noticed an ancient lich
105011 | Crypt:3  | Killed an ancient lich
105294 | Crypt:3  | Found an ancient bone altar of Kikubaaqudgha.
105313 | Crypt:3  | Noticed a dread lich
105317 | Crypt:3  | Found the +8 glaive of the Guard {elec, spectral, AC+5}
105319 | Crypt:3  | Killed a dread lich
105326 | Crypt:3  | Identified the ring "Keranuapn" {rElec rC+ Str+6 Dex+2}
105329 | Crypt:3  | Identified the +3 falchion "TRUEvector's Curse" {antimagic,
                  | +Blink}
105913 | Tomb:1   | Entered Level 1 of the Tomb of the Ancients
106929 | Tomb:1   | Noticed a royal mummy
106930 | Tomb:1   | Noticed a royal mummy
106936 | Tomb:1   | Killed a royal mummy
106937 | Tomb:1   | Killed a royal mummy
107127 | Tomb:2   | Noticed a royal mummy
107129 | Tomb:2   | Noticed a royal mummy
107133 | Tomb:2   | Noticed a royal mummy
107134 | Tomb:2   | Noticed Sojobo
107137 | Tomb:2   | Noticed a royal mummy
107161 | Tomb:2   | HP: 7/249 [royal mummy/divine providence (12)]
107213 | Tomb:2   | Killed Sojobo
107215 | Tomb:2   | HP: 9/249 [emperor scorpion[a royal mummy] (13)]
107217 | Tomb:2   | Killed a royal mummy
107219 | Tomb:2   | Killed from afar by a royal mummy

Illustrated notes

Levels and vault maps discovered:
D:1:      minmay_arrival_hallway, layout_loops_ring
D:2:      layout_rooms
D:3:      layout_basic
D:4:      layout_basic, minmay_temple_entry_proselytizer, serial_shops,
          nicolae_shop_stone, nicolae_ossuary_entry_false_entrances
D:5:      layout_basic, gammafunk_ghost_necromancy, grunt_ministairs_11,
          trog_hazing_becter, uniq_crazy_yiuf_cottage
D:6:      layout_basic, serial_shops, shop, gammafunk_ghost_split,
          lightli_corner_chamber
D:7:      layout_loops_corners
D:8:      layout_cave_pools, uniq_joseph
D:9:      layout_basic, pdpol_wu_jian_five_deadly_venoms, dpeg_lair_monsters,
          orc_david_3, special_room [special_room_bee]
D:10:     cheibrodos_steamvent, layout_cave_pools, nicolae_zen_rock_garden,
          nzn_random_ring, uniq_urug, uniq_maggie
D:11:     layout_roguey, gauntlet_entry_generic
D:12:     minmay_dotted_concentric_squares, layout_basic
D:13:     layout_cave_pools, basic_altar, serial_shops, shop_statue,
          chequers_big_river, uniq_sonja, uniq_azrael
D:14:     minmay_the_grid_square_5x5_5x5
          [minmay_the_grid_square_5x5_checkered_statues,
          minmay_the_grid_square_5x5_fat_x,
          minmay_the_grid_square_5x5_fancy_junction,
          minmay_the_grid_square_5x5_one_wall,
          minmay_the_grid_square_5x5_percent, minmay_the_grid_square_5x5_inset,
          minmay_the_grid_square_5x5_prize_waves,
          minmay_the_grid_square_5x5_bite,
          minmay_the_grid_square_5x5_prize_snowflake,
          minmay_the_grid_square_5x5_pentomino_r,
          minmay_the_grid_square_5x5_detours,
          minmay_the_grid_square_5x5_longway,
          minmay_the_grid_square_5x5_prize_open,
          minmay_the_grid_square_5x5_bracketed, minmay_the_grid_square_5x5_tie,
          minmay_the_grid_square_5x5_two_walls_b,
          minmay_the_grid_square_5x5_prize_gold,
          minmay_the_grid_square_5x5_minimal,
          minmay_the_grid_square_5x5_prize_itemx,
          minmay_the_grid_square_5x5_beaten_path,
          minmay_the_grid_square_5x5_broken_cross,
          minmay_the_grid_square_5x5_three_small,
          minmay_the_grid_square_5x5_spiral_small, minmay_the_grid_square_5x5_v,
          minmay_the_grid_square_5x5_tri_point], layout_rooms, serial_shops,
          shop
D:15:     hangedman_depths_entry_civil_slaughter, layout_loops_ring,
          minmay_crystal_room, argonaut_gorgonesque
Temple:   nicolae_temple_the_god_donut
Lair:1:   layout_chaotic_city, fungi_pond_lemuel
Lair:2:   layout_cellular_growth, swamp_mist
Lair:3:   layout_big_grid, guppyfry_snake_entry_garden
Lair:4:   layout_misc_corridors, minmay_lair_oklob_chamber, uniq_snorg
Lair:5:   layout_small_grid, slime_dummy
Lair:6:   hangedman_lair_tendril_chambers, layout_regular_city,
          hangedman_lair_caniforms_friends, bobbens_ice_dragon_lair,
          infiniplex_staircase_pool_2
Swamp:1:  layout_basic_swamp, evilmike_swamp_ruin_wall, uniq_frances
Swamp:2:  layout_basic_swamp, infiniplex_staircase_pool
Swamp:3:  layout_basic_swamp, evilmike_swamp_ruin_house_5, uniq_bai_suzhen
Swamp:4:  swamp_pestilence, layout_basic_swamp, swamp_pool3
Snake:1:  layout_rooms, serial_shops, shop, uniq_rupert, uniq_aizul
Snake:2:  layout_rooms, abandoned_shop, lemuel_oklob_altar
Snake:3:  layout_grid_maze, lemuel_fruit_tree, uniq_kirke, uniq_nikola,
          uniq_vashnia
Snake:4:  grunt_snake_rune_spirals, layout_onion_interference, serial_shops,
          shop_statue, minmay_shop_grove
Slime:1:  layout_caves
Slime:2:  layout_caves
Slime:3:  layout_caves, basic_altar
Slime:4:  layout_caves, cheibrodos_slime_lost_civilization_5, uniq_dissolution
Slime:5
Orc:1:    layout_caves, ebering_ghost_reflecting_pool, basic_altar
Orc:2:    st_orc_town, layout_diamond_mine, rock_pile
Elf:1:    minmay_elf_arrival_circle, layout_geoelf_octagon, serial_shops,
          nicolae_shop_trees, kennysheep_underground_church, tgw_sif
Elf:2:    layout_onion_city
Elf:3:    elf_hall, layout_geoelf_grid, serial_shops, shop,
          portal_ice_cave_entry_pillars_2
Vaults:1: vaults_mumra_hex, st_eye, ontoclasm_vaults_decontamination,
          nicolae_vaults_big_ls, nicolae_vaults_yaktaur_gun_rack,
          nicolae_vaults_windows_and_doors_thing,
          nicolae_vaults_border_crossing, nicolae_vaults_network_quincunx
          [nicolae_vaults_network_quincunx_subvault,
          nicolae_vaults_network_quincunx_subvault,
          nicolae_vaults_network_quincunx_subvault,
          nicolae_vaults_network_quincunx_subvault,
          nicolae_vaults_network_quincunx_subvault], vaults_room_semicircle,
          v_misc_16, layout_vaults_omnicross
Vaults:2: grunt_vaults_focal, hangedman_vaults_hat,
          minmay_crypt_entry_simple_walls, nicolae_vaults_network_star,
          ontoclasm_vaults_ligature, ontoclasm_vaults_ring_square,
          nicolae_vaults_circle_grid_a, ontoclasm_vaults_eye,
          vaults_room_door_ring, ontoclasm_vaults_shout, v_misc_17,
          nicolae_vaults_mini_display_case, layout_vaults_big_room,
          serial_shops, shop
Vaults:3: v_pattern_5, vaults_room_corners, hangedman_vaults_stream,
          ontoclasm_vaults_chip, ontoclasm_vaults_gateway,
          nicolae_vaults_alarming, grunt_vaults_hallway_short,
          hangedman_vaults_restitches, vaults_room_door_ring,
          ontoclasm_vaults_pinch, layout_vaults_omnigrid
Vaults:4: nicolae_vaults_rhombus_5, vaults_mumra_lcd, ontoclasm_vaults_fault,
          v_misc_16, grunt_vaults_trifunnel, nicolae_vaults_little_squares_3,
          hangedman_vaults_unwind, v_pattern_2, nicolae_vaults_little_squares_6,
          nicolae_vaults_shelves_hall, v_misc_31, layout_vaults_maze,
          uniq_xtahua, uniq_boris
Vaults:5
Crypt:1:  layout_rooms, grunt_crypt_arrival_webbed
Crypt:2:  lemuel_upstairs_altar, layout_misc_corridors
Crypt:3:  quadcrypt_mu
Tomb:1
Tomb:2:   uniq_sojobo
Depths:1: layout_cave_shapes, rand_demon_pan_entry_7, roderic_lattice_a,
          nicolae_abyss_entry_one_way_or_another, pf_hell_entry_tar_spiral,
          lightli_giant_bouncers
Depths:2: hangedman_crystal_crosses_colossus [crystal_crosses_arms_four,
          crystal_crosses_arms_two, crystal_crosses_arms_two,
          crystal_crosses_arms_one], hell_entry, pan_entry
Depths:3: minmay_ambush_box, layout_small_grid, pf_coc_iceberg,
          minmay_fountain_box, grunt_pan_entry_spiral, kennysheep_small_spiral,
          minmay_staircase_windowed_large
Depths:4: minmay_five_octagons, layout_gridlike, enter_ziggurat_a, serial_shops,
          bzr_entry_lakeside, pf_dread_powers_of_hell,
          hangedman_decor_slide_cut, abyss_entry, minmay_staircase_bubble,
          serial_bayou_shore_b, uniq_mennas, uniq_saint_roka
Hell
Dis:1:    layout_jigsaw
Dis:2:    layout_subdivisions
Dis:3:    layout_jigsaw
Dis:4:    kennysheep_iron_temple, layout_overlapping_boxes,
          hangedman_dis_decor_tower
Dis:5:    layout_gridville
Dis:6:    layout_regular_city
Dis:7:    iron_city_of_dis [dis_old, dis_wall_1], layout_chaotic_city
Geh:1:    layout_gehenna_lava_caves
Geh:2:    layout_gehenna_lava_caves
Geh:3:    layout_gehenna_lava_caves
Geh:4:    layout_gehenna_pools_triple, door_vault
Geh:5:    layout_gehenna_pools_basic, grunt_megastairs_5
Geh:6:    layout_gehenna_lava_caves
Geh:7:    geh_grunt
Coc:1:    layout_cocytus_delve
Coc:2:    layout_ice_bergs
Coc:3:    layout_cocytus_delve, lemuel_elevator
Coc:4:    layout_cocytus_delve, door_vault
Coc:5:    layout_ice_bergs
Coc:6:    layout_cocytus_delve
Coc:7:    coc_dpeg
Tar:1:    layout_grid_maze, grunt_megastairs_2
Tar:2:    layout_catacombs, nicolae_tar_cuneiform_two, grunt_megastairs_4
Tar:3:    layout_cathedral_of_symmetry, lemuel_elevator
Tar:4:    layout_honeycomb
Tar:5:    layout_catacombs
Tar:6:    layout_grid_maze, grunt_megastairs_3
Tar:7:    tar_grunt_cathedral

Skill      XL: |  1  2  3  4  5  6  7  8  9 10 11 12 13 14 15 16 17 18 19 20 21 22 23 24 25 26 27 |
---------------+----------------------------------------------------------------------------------+-----
Long Blades    | 3 4 5 7 8 9 10 11 12 13 14 16 25 | 25.9
Dodging        | 1 2 3 4 5 6 7 8 9 12 15 18 20 27 | 27.0
Shields        | 4 5 6 7 8 9 10 11 12 13 14 15 26 | 26.0
Armour         | 4 5 6 7 8 9 10 11 12 13 15 16 26 | 26.1
Fighting       | 4 5 6 7 8 9 10 11 12 13 14 15 16 17 27 | 27.0
Invocations    | 2 4 6 7 9 10 11 12 13 14 15 16 17 18 27 | 27.0
Evocations     | 2 4 6 7 8 9 10 11 12 13 14 15 16 17 | 17.4

Action                   |  1- 3 |  4- 6 |  7- 9 | 10-12 | 13-15 | 16-18 | 19-21 | 22-24 | 25-27 || total
-------------------------+-------+-------+-------+-------+-------+-------+-------+-------+-------++-------
Melee: Long sword        |    89 |   241 |   277 |   647 |   538 |       |       |    63 |       ||  1855
       Scimitar          |       |       |    90 |       |   609 |  1706 |  1693 |   299 |       ||  4397
       Double sword      |       |       |       |       |       |       |       |  1531 |  2654 ||  4185
       Eudemon blade     |       |       |       |       |       |       |       |       |  8325 ||  8325
Invok: Divine Shield     |       |       |     1 |     8 |     4 |     7 |     8 |     9 |    29 ||    66
       Summon Divine War |       |       |       |     1 |     1 |     1 |     1 |       |    18 ||    22
       Cleansing Flame   |       |       |       |       |       |     1 |       |       |   118 ||   119
       Brand Weapon With |       |       |       |       |       |       |       |       |     1 ||     1
Evoke: Wand              |       |       |     1 |    29 |    21 |    15 |     5 |    14 |    43 ||   128
       Box of beasts     |       |       |       |       |       |       |       |       |     1 ||     1
       Phial of floods   |       |       |       |       |       |       |       |       |     1 ||     1
  Use: Potion            |       |     5 |     3 |     4 |     1 |     4 |     5 |     2 |    34 ||    58
       Scroll            |       |     6 |     4 |     8 |    14 |     6 |     6 |     3 |    27 ||    74
Armor: Scale mail        |    41 |    36 |       |       |       |       |       |       |   196 ||   273
       Chain mail        |       |   130 |    91 |       |       |       |       |       |  1331 ||  1552
       Skin              |       |    36 |    15 |       |     5 |       |       |       |       ||    56
       Plate armour      |       |       |   105 |   313 |   489 |   477 |   151 |   515 |   731 ||  2781
       Shadow dragon sca |       |       |       |     5 |       |       |       |       |       ||     5
       Storm dragon scal |       |       |       |       |       |   157 |   210 |       |       ||   367
Dodge: Dodged            |    24 |    87 |   107 |   140 |   325 |   502 |   345 |   426 |  3323 ||  5279
Block: Kite shield       |    55 |   173 |   231 |   464 |   811 |  1474 |  1714 |  1467 |  8919 || 15308
       Reflection        |       |       |       |       |    15 |    44 |   100 |    78 |    75 ||   312
       Rpst.: Long sword |     9 |    25 |    33 |    47 |    36 |       |       |     3 |       ||   153
       Scimitar          |       |       |     4 |       |    43 |    87 |    55 |     9 |       ||   198
       Double sword      |       |       |       |       |       |       |       |    72 |   196 ||   268
       Eudemon blade     |       |       |       |       |       |       |       |       |   417 ||   417

Table legend: (Time is in decaauts)
 A = Elapsed time spent in this place.
 B = Non-inter-level travel time spent in this place.
 C = Inter-level travel time spent in this place.
 D = Time resting spent in this place.
 E = Time spent auto-exploring this place.
 F = Levels seen in this place.
 G = Mean time per level.
                   A        B        C        D        E       F      G
               +--------+--------+--------+--------+--------+-----+--------+
         Total | 103044 |  95444 |   7600 |  10961 |  52974 |  89 | 1157.8 |
       Dungeon |  21486 |  19551 |   1935 |   3171 |  11861 |  15 | 1432.4 |
        Temple |     12 |     12 |      0 |      0 |      0 |   1 |   12.0 |
          Lair |   7538 |   6712 |    826 |    142 |   5219 |   6 | 1256.3 |
         Swamp |   5392 |   5209 |    183 |   1532 |   2565 |   4 | 1348.0 |
     Snake Pit |   6470 |   6167 |    303 |   1321 |   2838 |   4 | 1617.5 |
    Slime Pits |   3313 |   3138 |    175 |    458 |   1639 |   5 |  662.6 |
  Orcish Mines |   2695 |   2370 |    325 |    125 |   1209 |   2 | 1347.5 |
   Elven Halls |   3863 |   3495 |    368 |    179 |   1773 |   3 | 1287.7 |
        Vaults |   9061 |   8324 |    737 |    667 |   4501 |   5 | 1812.2 |
         Crypt |   3583 |   3220 |    363 |    300 |   1943 |   3 | 1194.3 |
          Tomb |   1268 |   1268 |      0 |    528 |     36 |   2 |  634.0 |
        Depths |   5339 |   4348 |    991 |    310 |   2510 |   4 | 1334.8 |
          Hell |    952 |    878 |     74 |    100 |    206 |   1 |  952.0 |
           Dis |   7932 |   7627 |    305 |    559 |   4274 |   7 | 1133.1 |
       Gehenna |   7483 |   7042 |    441 |    588 |   3707 |   7 | 1069.0 |
       Cocytus |   6395 |   6026 |    369 |    259 |   3541 |   7 |  913.6 |
      Tartarus |   7935 |   7736 |    199 |    264 |   4749 |   7 | 1133.6 |
         Abyss |    441 |    441 |      0 |      1 |      0 |   3 |  147.0 |
       Ossuary |    651 |    651 |      0 |    257 |    228 |   1 |  651.0 |
      Ice Cave |    725 |    725 |      0 |    127 |    171 |   1 |  725.0 |
      Gauntlet |    501 |    501 |      0 |     70 |      0 |   1 |  501.0 |
               +--------+--------+--------+--------+--------+-----+--------+

Top non-repeatable levels by time:
 Snake:4: 2722 daAuts
    D:14: 2317 daAuts
Vaults:1: 2298 daAuts
 Crypt:3: 2202 daAuts
  Lair:6: 2098 daAuts
 Swamp:4: 2082 daAuts
 Snake:3: 2077 daAuts
Vaults:3: 1962 daAuts
   Orc:2: 1827 daAuts
    D:12: 1821 daAuts
   Dis:7: 1785 daAuts
    D:11: 1766 daAuts
    D:10: 1742 daAuts
Vaults:2: 1697 daAuts
Vaults:5: 1674 daAuts
